 Dungeon Crawl Stone Soup version 0.30-a0-1043-g60ff8d5f49 (webtiles) character file.

Game seed: 3385758428874043209

809 cheesebisquit the Ducker (level 7, -9/56 HPs)
             Began as a Merfolk Hexslinger on Apr 10, 2023.
             Killed by nerve-wracking pain
             ... invoked by Grinder
              (13 damage)
             ... on level 3 of the Dungeon.
             The game lasted 00:29:43 (6046 turns).

cheesebisquit the Ducker (Merfolk Hexslinger)       Turns: 6046, Time: 00:29:44

Health: -9/56      AC:  6    Str: 11    XL:     7   Next: 92%
Magic:  8/11       EV: 15    Int: 14    God:
Gold:   188        SH:  0    Dex: 14    Spells: 7/11 levels left

rFire   . . .      SeeInvis .    s - +1 dagger (holy)
rCold   . . .      Faith    .    (no shield)
rNeg    . . .      Spirit   .    t - +0 animal skin
rPois   .          Reflect  .    u - +1 helmet
rElec   .          Rampage  .    (no cloak)
rCorr   .                        (no gloves)
Will    +....                    i - +1 pair of boots
Stlth   +                        (no amulet)
HPRegen 0.29/turn                q - ring of willpower
MPRegen 0.12/turn                (no ring)

@: no status effects
A: (nimble swimmer 2), mertail
a: no special abilities


You were on level 3 of the Dungeon.
You visited 1 branch of the dungeon, and saw 4 of its levels.

You collected 188 gold pieces.

Inventory:

Hand Weapons
 a - a +1 sling
 c - a +3 dagger
 l - a +0 dagger
 s - a +1 dagger of holy wrath (weapon)
Missiles
 r - 5 poisoned darts
Armour
 i - a +1 pair of boots (worn)
 t - a +0 animal skin (worn)
 u - a +1 helmet (worn)
Jewellery
 q - a ring of willpower (left hand)
Wands
 h - a wand of polymorph (6)
 p - a wand of paralysis (13)
Scrolls
 b - a scroll of poison
 d - 3 scrolls of fog
 e - 4 scrolls of vulnerability
 f - a scroll of brand weapon
 j - 3 scrolls of identify
 k - 2 scrolls of enchant armour
 o - a scroll of enchant weapon
Potions
 g - 2 potions of lignification


   Skills:
 + Level 5.2 Fighting
 + Level 3.3 Short Blades
 - Level 1.5 Ranged Weapons
 + Level 6.7 Dodging
 + Level 2.7 Spellcasting
 + Level 4.2 Hexes


You had 7 spell levels left.
You knew the following spells:

 Your Spells              Type           Power      Damage    Failure   Level
a - Slow                  Hex            52%        N/A       3%          1
b - Inner Flame           Hex/Fire       7%         N/A       26%         3

Your spell library contained the following spells:

 Spells                   Type           Power      Damage    Failure   Level
 Portal Projectile        Hex/Tloc       14%        N/A       26%         3
 Summon Guardian Golem    Hex/Summ       7%         N/A       26%         3
 Cause Fear               Hex            6%         N/A       36%         4
 Vhi's Electric Charge    Tloc/Air       2%         N/A       54%         3
 Arcjolt                  Conj/Air       0%         1d10      99%         5
 Orb of Destruction       Conj           0%         9d5       100%        7
 Spellforged Servitor     Conj/Summ      0%         N/A       100%        7
 Maxwell's Capacitive Co  Air            0%         ∞         100%        8


Dungeon Overview and Level Annotations

Branches:
Dungeon (4/15)
 Temple: D:4-7

Altars:
Elyvilon
Hepliaklqana
Sif Muna

Annotations:
D:3 Grinder
D:4 Dowan, Duvessa, Natasha


Innate Abilities, Weirdness & Mutations

((You are very nimble when in or above water. (Stealth+, EV+, Speed+++)))
Your lower body shifts to a powerful aquatic tail in water.


Message History

Natasha howls an incantation.
Natasha glows brightly for a moment.
Things that are here:
a +0 dagger; a +0 sling Natasha casts a spell.
Natasha mumbles some strange words.
You see here a +0 dagger.
Grinder attacks as you move away! Grinder barely misses you.
There is a stone staircase leading up, spattered with blood here.
Grinder hits you.
* * * LOW HITPOINT WARNING * * *
The cerulean imp closely misses you.
You climb upwards.
There is a stone staircase leading down, spattered with blood here.
Aiming: Slow (safe; 3% risk of failure)
Press: ? - help, Q - select action, (/) - cycle Shift-Dir - straight line, f - Grinder
Aim: Grinder (chance to affect: 47%) Grinder resists with some effort.
Grinder gestures at you. You resist with almost no effort.
Aiming: Slow (safe; 3% risk of failure)
Press: ? - help, Q - select action, (/) - cycle Shift-Dir - straight line, f/p - Grinder
Aim: Grinder (chance to affect: 47%) Grinder resists with some effort.
Grinder blinks!
Aiming: Slow (safe; 3% risk of failure)
Press: ? - help, Q - select action, (/) - cycle Shift-Dir - straight line, f/p - Grinder
Aim: Grinder (chance to affect: 47%) Grinder seems to slow down.
Grinder gestures at you.
You suddenly lose the ability to move!
You can move again.
Grinder misses you. Grinder hits you.
* * * LOW HITPOINT WARNING * * *
You writhe in agony.
* * * LOW HITPOINT WARNING * * *
Grinder gestures at you. Pain shoots through your body!
You die...

#.# #.# #.# #.# ########.###
#..........# #..........#
#..........# #.@........# #
#############...[......# #
#†............5.>)...######
#
##.#############)##..###..##
# #.#
#...............##8..8## #
#.#
#...)...###.###.#...>..###
#.# #.......#
#.#.......)..... #.#
#.......# #.#.####8..8####
#.# #.......# #.#.#
##..##...


You could see Grinder (slow).

Vanquished Creatures
  Pikel (D:4)
  2 hounds
  An orc priest (D:2)
  Natasha (twice) (D:4)
  Robin (D:3)
  6 adders
  7 gnolls
  2 river rats (D:4)
  4 worms
  A dart slug (D:4)
  4 orcs
  10 endoplasms
  3 giant cockroaches
  9 goblins
  7 hobgoblins
  5 kobolds
  7 quokkas
  7 ball pythons
  6 bats
  6 frilled lizards
  8 rats
99 creatures vanquished.

Notes
Turn   | Place    | Note
-------+----------+-------------------------------------------
     0 | D:1      | cheesebisquit the Merfolk Hexslinger began the quest for
                  | the Orb.
     0 | D:1      | Reached XP level 1. HP: 15/15 MP: 2/2
   117 | D:1      | Reached skill level 3 in Dodging
   185 | D:1      | Reached XP level 2. HP: 22/22 MP: 3/3
   870 | D:2      | Reached XP level 3. HP: 27/27 MP: 2/4
  1228 | D:2      | Reached skill level 4 in Dodging
  1433 | D:2      | Reached XP level 4. HP: 22/34 MP: 3/5
  2353 | D:2      | HP: 1/35 [orc priest/divine providence (8)]
  2361 | D:2      | Reached skill level 5 in Dodging
  2681 | D:3      | Reached XP level 5. HP: 41/41 MP: 4/6
  3288 | D:3      | Learned a level 3 spell: Inner Flame
  3464 | D:4      | Noticed Robin
  3523 | D:3      | Killed Robin
  3721 | D:4      | Found a shimmering blue altar of Sif Muna.
  3876 | D:4      | Found a white marble altar of Elyvilon.
  4265 | D:4      | Reached XP level 6. HP: 44/48 MP: 5/8
  4299 | D:4      | Noticed Pikel
  4304 | D:4      | Noticed Dowan
  4322 | D:4      | Noticed Duvessa
  4346 | D:4      | Reached skill level 1 in Short Blades
  4518 | D:4      | Killed Pikel
  4519 | D:4      | Reached skill level 5 in Fighting
  4519 | D:4      | Reached skill level 6 in Dodging
  4519 | D:4      | Reached XP level 7. HP: 56/56 MP: 1/10
  4601 | D:4      | Noticed Natasha
  4632 | D:4      | Killed Natasha
  4756 | D:4      | Noticed Natasha
  4795 | D:4      | Killed Natasha
  4813 | D:4      | Noticed Grinder
  5931 | D:3      | Found a hazy altar of Hepliaklqana.
  6014 | D:4      | Noticed Natasha
  6039 | D:3      | Paralysed by Grinder for 2 turns
  6046 | D:3      | Killed from afar by Grinder

Illustrated notes

Levels and vault maps discovered:
D:1:      dpeg_arrival_boxorama, layout_rooms, roderic_roman_lattice
D:2:      layout_rooms
D:3:      layout_basic, nicolae_overflow_hidden_temple, st_stairs_6
D:4:      layout_loops_ring, lemuel_round_altar, lemuel_crystal_altar,
          gup_sewer_entry_bubbles, uniq_grinder, uniq_natasha, uniq_robin,
          uniq_pikel, uniq_duvessa

Skill      XL: |  1  2  3  4  5  6  7 |
---------------+----------------------+-----
Dodging        | 3 4 5 6 |  6.7
Fighting       | 2 3 4 5 |  5.2
Short Blades   | 2 3 |  3.3
Spellcasting   | 2 |  2.7
Hexes          | 4 |  4.2
Ranged Weapons | |  1.5

Action                     |  1- 3 |  4- 6 |  7- 9 || total
---------------------------+-------+-------+-------++-------
  Melee: Unarmed           |     2 |     9 |       ||    11
         Punch             |     1 |     2 |     2 ||     5
         Dagger            |       |   183 |   164 ||   347
         Tailslap          |       |    16 |     1 ||    17
   Fire: Sling             |    99 |   105 |       ||   204
   Cast: Slow              |    37 |   105 |    61 ||   203
    Use: Potion            |     1 |    10 |     1 ||    12
         Scroll            |       |     8 |     1 ||     9
   Stab: Invisible         |       |     2 |       ||     2
         Sleeping          |       |       |     1 ||     1
 Armour: Robe              |     6 |     7 |       ||    13
         Skin              |     1 |     5 |     3 ||     9
         Animal skin       |       |    35 |    24 ||    59
  Dodge: Dodged            |    31 |   196 |   102 ||   329

Table legend: (Time is in decaauts)
 A = Elapsed time spent in this place.
 B = Non-inter-level travel time spent in this place.
 C = Inter-level travel time spent in this place.
 D = Time resting spent in this place.
 E = Time spent auto-exploring this place.
 F = Levels seen in this place.
 G = Mean time per level.
                   A        B        C        D        E       F      G
               +--------+--------+--------+--------+--------+-----+--------+
         Total |   6062 |   5721 |    341 |    745 |   3418 |   4 | 1515.5 |
       Dungeon |   6062 |   5721 |    341 |    745 |   3418 |   4 | 1515.5 |
               +--------+--------+--------+--------+--------+-----+--------+

Top non-repeatable levels by time:
     D:3: 2099 daAuts
     D:4: 1880 daAuts
     D:2: 1302 daAuts
     D:1: 780 daAuts
